 Dungeon Crawl Stone Soup version 0.31-a0-1620-gcbf77bbcfc (webtiles) character file.

Game seed: 13136618264035083311

827 Flugslaktarn the Trooper (level 7, 4/66 HPs)
             Began as a Minotaur Fighter on Jan 11, 2024.
             Was a Follower of Cheibriados.
             Quit the game on level 6 of the Dungeon.
             The game lasted 00:01:23 (2737 turns).

Flugslaktarn the Trooper (Minotaur Fighter)         Turns: 2737, Time: 00:01:24

Health: 4/66       AC: 10    Str: 24    XL:     7   Next: 64%
Magic:  6/6        EV:  9    Int:  7    God:    Cheibriados [*.....]
Gold:   81         SH:  5    Dex: 12    Spells: 6/6 levels left

rFire   . . .        k - +0 broad axe
rCold   . . .        c - +0 buckler
rNeg    . . .        b - +0 scale mail
rPois   .            (helmet restricted)
rElec   .            (no cloak)
rCorr   .            f - +2 pair of gloves {hurl}
SInv    .            (no boots)
Will    .....        n - amulet of the acrobat Stlth
                     (no ring)
HPRegen 0.31/turn    (no ring)
MPRegen 0.10/turn

%: acrobat
@: brilliant, lethally poisoned (4 -> -5), very slow
A: horns 2, retaliatory headbutt
a: Renounce Religion, Bend Time


You were on level 6 of the Dungeon.
You worshipped Cheibriados.
Cheibriados was aware of your devotion.
You visited 2 branches of the dungeon, and saw 7 of its levels.

You collected 81 gold pieces.

Inventory:

Hand Weapons
 a - a +0 war axe
 k - a +0 broad axe (weapon)
   (You found it on level 4 of the Dungeon)
Armour
 b - a +0 scale mail (worn)
 c - a +0 buckler (worn)
 f - a +2 pair of gloves of hurling (worn)
   (You acquired it on level 4 of the Dungeon)
Jewellery
 e - a ring of wizardry
   (You found it on level 3 of the Dungeon)
 n - an amulet of the acrobat (around neck)
   (You found it on level 5 of the Dungeon)
Wands
 p - a wand of charming (4)
   (You found it on level 5 of the Dungeon)
Scrolls
 h - a scroll of identify {unknown}
 i - 2 scrolls of teleportation {unknown}
 j - a scroll of fog {unknown}
 l - a scroll of noise {unknown}
 o - a scroll of poison {unknown}
 q - a scroll of revelation {unknown}
 r - a scroll of immolation {unknown}
Potions
 d - a potion of might
 g - a potion of ambrosia


   Skills:
 * Level 7.1 Fighting
 * Level 6.4 Axes
 + Level 5.4 Armour
 + Level 5.4 Shields


You had 6 spell levels left.
You didn't know any spells.
Your spell library contained the following spells:

 Spells                   Type           Power      Damage    Failure   Level
 Chain Lightning          Conj/Air       0%         N/A       100%        9
 Fire Storm               Conj/Fire      0%         5d1       100%        9
 Shatter                  Erth           0%         3d5*      100%        9


Dungeon Overview and Level Annotations

Branches:
Dungeon (6/15)             Temple (1/1) D:4

Altars:
Ashenzari
Cheibriados
Dithmenos
Elyvilon
Fedhas
Gozag
Hepliaklqana
Kikubaaqudgha
Makhleb
Nemelex Xobeh
Okawaru
Qazlal
Ru
Trog
Uskayaw
Vehumet
Wu Jian
Yredelemnul
Zin
The Shining One

Annotations:
D:1 1 transporter
D:4 1 runed translucent door, Crazy Yiuf
D:5 1 exclusion


Innate Abilities, Weirdness & Mutations

You have a pair of horns on your head.
You reflexively headbutt those who attack you in melee.


Message History

You miss the killer bee. The killer bee stings you.
You are poisoned.
The killer bee poisons you! You block the killer bee's attack.
The killer bee stings you. x2; You block the killer bee's attack.
You hit the killer bee.
The killer bee is heavily wounded.
You miss the killer bee. You hit the killer bee.
You feel sick.
The killer bee stings you but does no damage.
The killer bee barely misses you. x2
A killer bee comes into view.
The killer bee barely misses you. x3
A killer bee comes into view.
You slash the killer bee!
You kill the killer bee!
Cheibriados thoroughly appreciates the change of pace.
You barely miss the killer bee. You miss the killer bee.
You feel sick. The killer bee barely misses you. You furiously retaliate!
You headbutt the killer bee! The killer bee stings you.
The killer bee closely misses you. You furiously retaliate!
You headbutt the killer bee. The killer bee stings you.
You block the killer bee's attack.
You barely miss the killer bee.
The killer bee is moderately wounded.
You miss the killer bee.
You feel sick. The killer bee stings you. You block the killer bee's attack.
A killer bee comes into view.
The killer bee misses you. You block the killer bee's attack.
The killer bee stings you. The killer bee barely misses you.
The killer bee moves out of view.
You miss the killer bee. Your headbutt misses the killer bee.
The killer bee is moderately wounded.
You closely miss the killer bee.
You feel sick.
The killer bee stings you but does no damage.
You miss the killer bee.
You headbutt the killer bee, but do no damage.
The killer bee is moderately wounded.
You closely miss the killer bee.
The killer bee stings you but does no damage.
The killer bee stings you.
The killer bee stings you but does no damage.
The killer bee barely misses you.
The killer bee stings you but does no damage.
The killer bee barely misses you.
You barely miss the killer bee.
The killer bee is moderately wounded.
You closely miss the killer bee.
You feel sick. The killer bee closely misses you. The killer bee stings you!
You are more poisoned.
The killer bee poisons you! You block the killer bee's attack.
The killer bee stings you but does no damage.
You closely miss the killer bee. You headbutt the killer bee!
The killer bee is almost dead.
You hit the killer bee.
You feel sick. The killer bee stings you.
You are more poisoned.
The killer bee poisons you! The killer bee stings you.
The killer bee barely misses you. x3
The killer bee stings you but does no damage.
You are too injured to fight recklessly!
You are too injured to fight recklessly!
You are too injured to fight recklessly!
You feel very sick. The killer bee misses you.
It was a potion of ambrosia.
You are confused.
You feel invigorated.
You feel sick. The killer bee stings you.
You are more poisoned.
The killer bee poisons you! The killer bee barely misses you.
It was a potion of curing.
You feel better.
You feel less invigorated. The killer bee stings you!
You are poisoned.
The killer bee poisons you! You block the killer bee's attack.
You are too injured to fight recklessly!
You barely miss the killer bee.
You headbutt the killer bee, but do no damage.
The killer bee is moderately wounded.
You feel sick. The killer bee stings you. The killer bee closely misses you.
The killer bee completely misses you.
You are too injured to fight recklessly!
You miss the killer bee.
The killer bee is moderately wounded.
You feel sick. The killer bee stings you.
* * * LOW HITPOINT WARNING * * *
The killer bee stings you but does no damage.
You block the killer bee's attack.
You are too injured to fight recklessly!
You completely miss the killer bee.
The killer bee is moderately wounded.
You feel sick. The killer bee stings you!
* * * LOW HITPOINT WARNING * * *
You are lethally poisoned!
The killer bee poisons you!
The killer bee stings you but does no damage.
It was a potion of brilliance.
You feel clever all of a sudden.
* * * LOW HITPOINT WARNING * * *
You feel very sick. You block the killer bee's attack. x2
Unknown command.
Okay, then.
Are you sure you want to abandon this character and quit the game? (Confirm with "yes".)

#.####.## #. ###
#.# ## #. ..<# #.#
#### #. ...
###.####... #. ...
#.....##.## #. #y#
#.....##.## #. #.#
#.....##.##
#.##y##.#.....##.##
#.@yy...#.....##.##
####.######.......†
##.####.#.####.##
#...##.#..####.##
#.......#.#.....>
#......(....##.##
####.##.#......#
#.##.##..####
#.##.....#


You could see 3 killer bees.

Vanquished Creatures
  Duvessa (D:4)
  An ogre (D:6)
  Blork the orc (D:4)
  3 scorpions
  Dowan (D:4)
  A killer bee (D:6)
  3 hounds
  A bombardier beetle (D:4)
  A gnoll bouda (D:5)
  2 iguanas
  An orc wizard (D:5)
  3 gnolls (D:5)
  2 adders
  A white imp (D:6)
  A dart slug (D:5)
  2 ribbon worms
  4 orcs
  A ball python (D:4)
  2 bats
  A goblin (D:3)
  3 hobgoblins (D:4)
  2 quokkas
  5 kobolds
43 creatures vanquished.

Notes
Turn   | Place    | Note
-------+----------+-------------------------------------------
     0 | D:1      | Flugslaktarn the Minotaur Fighter began the quest for the
                  | Orb.
     0 | D:1      | Reached XP level 1. HP: 19/19 MP: 0/0
    30 | D:3      | Reached XP level 2. HP: 25/27 MP: 1/1
    72 | D:4      | Reached skill level 4 in Fighting
   159 | D:4      | Found a hide-covered altar of Uskayaw.
   164 | D:4      | Found a radiant altar of Vehumet.
   168 | D:4      | Noticed a bombardier beetle
   172 | D:4      | Found a bloodstained altar of Trog.
   175 | D:4      | Killed a bombardier beetle
   176 | D:4      | Reached XP level 3. HP: 21/34 MP: 2/2
   176 | D:4      | Found a stormy altar of Qazlal.
   185 | D:4      | Reached XP level 4. HP: 18/41 MP: 3/3
   185 | D:4      | Found a blossoming altar of Fedhas.
   456 | D:4      | Noticed Duvessa
   458 | D:4      | Noticed Dowan
   466 | D:4      | Killed Duvessa
   467 | D:4      | Reached skill level 5 in Fighting
   467 | D:4      | Reached XP level 5. HP: 14/48 MP: 4/4
   471 | D:4      | Killed Dowan
   854 | D:4      | Noticed Blork the orc
   863 | D:4      | Killed Blork the orc
   864 | D:4      | Reached skill level 5 in Axes
   864 | D:4      | Reached XP level 6. HP: 42/57 MP: 5/5
   994 | D:4      | Found a staircase to the Ecumenical Temple.
  1006 | Temple   | Entered the Ecumenical Temple
  1044 | Temple   | Became a worshipper of Cheibriados the Contemplative
  1084 | D:4      | Identified a scroll of acquirement
  1084 | D:4      | Acquired a +2 pair of gloves of hurling
  1144 | D:4      | Reached skill level 6 in Fighting
  1168 | D:4      | Found a runed translucent door.
  1169 | D:4      | Noticed Crazy Yiuf
  1585 | D:5      | Entered Level 5 of the Dungeon
  1771 | D:5      | Reached skill level 5 in Shields
  1773 | D:5      | Reached skill level 5 in Armour
  1776 | D:5      | Reached XP level 7. HP: 32/64 MP: 6/6
  2647 | D:6      | Reached * piety under Cheibriados
  2680 | D:6      | Reached skill level 7 in Fighting
  2737 | D:6      | Quit the game

Illustrated notes

Levels and vault maps discovered:
D:1:      spicycebolla_arrival_risky_transporter, layout_basic, serial_shops,
          nicolae_shop_back_alley_shop, skrybe_limestone_x
D:2:      layout_basic
D:3:      layout_loops_ring
D:4:      layout_basic, nicolae_overflow_hallway_of_the_gods, temple_hall,
          small_statue_intersection, sigmund_army, uniq_blork_the_orc,
          uniq_crazy_yiuf_cottage, uniq_duvessa
D:5:      layout_basic, tgw_sif
D:6:      layout_loops_cross, gammafunk_ghost_arena,
          hangedman_abyss_or_decor_lesser_grid
Temple:   regret_index_temple_waves

Skill      XL: |  1  2  3  4  5  6  7 |
---------------+----------------------+-----
Fighting       | 4 5 6 7 |  7.1
Axes           | 3 4 5 6 |  6.4
Shields        | 4 5 |  5.4
Armour         | 4 5 |  5.4

Action                     |  1- 3 |  4- 6 |  7- 9 || total
---------------------------+-------+-------+-------++-------
  Melee: War axe           |    32 |    29 |       ||    61
         Headbutt          |     2 |    12 |     8 ||    22
         Broad axe         |       |    38 |    29 ||    67
    Use: Scroll            |       |     1 |       ||     1
         Potion            |       |       |     3 ||     3
 Armour: Scale mail        |    16 |    72 |    32 ||   120
  Dodge: Dodged            |    10 |    36 |    31 ||    77
  Block: Buckler           |    12 |    13 |    19 ||    44

Table legend: (Time is in decaauts)
 A = Elapsed time spent in this place.
 B = Non-inter-level travel time spent in this place.
 C = Inter-level travel time spent in this place.
 D = Time resting spent in this place.
 E = Time spent auto-exploring this place.
 F = Levels seen in this place.
 G = Mean time per level.
                   A        B        C        D        E       F      G
               +--------+--------+--------+--------+--------+-----+--------+
         Total |   3175 |   3033 |    142 |    497 |   2150 |   7 |  453.6 |
       Dungeon |   3088 |   3029 |     59 |    497 |   2150 |   6 |  514.7 |
        Temple |     86 |      3 |     83 |      0 |      0 |   1 |   86.0 |
               +--------+--------+--------+--------+--------+-----+--------+

Top non-repeatable levels by time:
     D:4: 1570 daAuts
     D:5: 1334 daAuts
     D:6: 128 daAuts
  Temple: 86 daAuts
     D:3: 25 daAuts
     D:1: 14 daAuts
     D:2: 14 daAuts
